 Dungeon Sprint DCSS version bcrawl-1.27.1d (webtiles) character file.

Game seed: 9975109516640883668

1537634 Freyura the Grappler (level 9, 0/98 HPs)
             Began as a Troll Fighter on July 24, 2020.
             Was an Elder of the Shining One.
             Slain by a 12-headed hydra (13 damage)
             ... in the Dungeon (Sprint IX: "|||||||||||||||||||||||||||||").
             The game lasted 00:03:41 (298 turns).

Freyura the Grappler (Troll Fighter)                 Turns: 298, Time: 00:03:42

Health: 0/98       AC:  8    Str: 26    XL:     9   Next: 27%
Magic:  13/20      EV: 19    Int:  5    God:    the Shining One [****..]
Gold:   0          SH:  0    Dex: 19    Spells: 8/8 levels left

rFire    . . .     SeeInvis .     - Claws (38.5)
rCold    . . .     Gourm    +   (no shield)
rNeg     + + .     Faith    .   (armour unavailable)
rPois    .         Spirit   .   (helmet restricted)
rElec    .         Reflect  .   (no cloak)
rCorr    .         Harm     .   (gloves unavailable)
MR       .....     NoTele   +   (boots unavailable)
Stlth    +.........             (no amulet)
HPRegen  0.66/turn              l - +2 ring of evasion
MPRegen  0.17/turn              q - ring "Hoihiloerph" {MP+9 Dex+7}

@: glowing
A: large, almost no armour, unfitting armour, claws 3, fast metabolism 3,
gourmand, regeneration 1, AC +8
a: Divine Shield, Cleansing Flame, Renounce Religion


You were in the Dungeon.
You worshipped the Shining One.
The Shining One was greatly pleased with you.
You were completely stuffed.

You visited 1 branch

Inventory:

Jewellery
 l - a +2 ring of evasion (left claw)
 m - a +3 ring of strength
 q - the ring "Hoihiloerph" (right claw) {MP+9 Dex+7}
   (You found it in the Dungeon)

   [ring of magical power]

   It affects your dexterity (+7).
   It affects your magic capacity (+9).
Wands
 j - a wand of acid (8)
Scrolls
 a - 4 scrolls of remove curse
 h - 2 scrolls of amnesia
 i - 3 scrolls of blinking
 r - a scroll of identify
 s - 2 scrolls of enchant armour
 t - a scroll of fear
Potions
 c - 5 potions of heal wounds
 d - 7 potions of curing
 f - a potion of haste
 g - 4 potions of magic
 n - a potion of brilliance
 o - a potion of mutation
 p - a potion of agility
Comestibles
 b - 4 chunks of flesh
 e - 2 rations {!d}


   Skills:
 + Level 9.2 Fighting
 + Level 9.2 Dodging
   Level 2.0 Shields
 * Level 14.3 Unarmed Combat
 + Level 4.6 Invocations


You had 8 spell levels left.
You didn't know any spells.
Your spell library was empty.

Dungeon Overview and Level Annotations

Branches:
Dungeon (1/1)

Altars:
Cheibriados
Dithmenos
Elyvilon
Fedhas
Gozag
Hepliaklqana
Kikubaaqudgha
Lugonu
Makhleb
Nemelex Xobeh
Okawaru
Qazlal
Ru
Sif Muna
Trog
Uskayaw
Vehumet
Wu Jian
Xom
Yredelemnul
Zin
The Shining One
Beogh
Jiyva


Innate Abilities, Weirdness & Mutations

You cannot wear most types of armour.
Your thick skin is tough. (AC +8)
You are too large for most types of armour.
You have claws for hands.
Your metabolism is lightning-fast.
You like to eat raw meat.
Your natural rate of healing is unusually fast.


Message History

The ten-headed hydra bites you but does no damage.
The ten-headed hydra misses you. The ten-headed hydra bites you!
The ten-headed hydra bites you. The ten-headed hydra bites you! x2
* * * LOW HITPOINT WARNING * * *
The ten-headed hydra bites you but does no damage.
The ten-headed hydra misses you. The ten-headed hydra barely misses you.
You rip one of the ten-headed hydra's heads off!
The nine-headed hydra grows two more!
You claw the 11-headed hydra!
The 11-headed hydra is severely wounded.
The porcupine twitches its whiskers.
You tear one of the 11-headed hydra's heads off!
The ten-headed hydra grows two more!
You mangle the 12-headed hydra!!
The 12-headed hydra is almost dead.
The 12-headed hydra bites you.
* * * LOW HITPOINT WARNING * * *
The 12-headed hydra completely misses you. x2
The 12-headed hydra bites you!
* * * LOW HITPOINT WARNING * * *
The 12-headed hydra bites you!
You die...

▓▓▓▓▓▓▓▓▓▓▓▓▓▓▓▓▓▓▓▓▓▓▓▓
...'.......!....@DSFr...
▓▓▓▓▓▓▓▓▓▓▓▓▓▓▓▓▓▓▓▓▓▓▓▓▓▓▓▓▓▓▓▓▓
.................................
▓▓▓▓▓▓▓▓▓▓▓▓▓▓▓▓▓▓▓▓▓▓▓▓▓▓▓▓▓▓▓▓▓
))....†)....'____________________
▓▓▓▓▓▓▓▓▓▓▓▓▓▓▓▓▓▓▓▓▓▓▓▓▓▓▓▓▓▓▓▓▓


You could see a 12-headed hydra, a cane toad, a water moccasin and a porcupine.

Vanquished Creatures
  A centaur warrior (D)
  A gargoyle (D)
  A yaktaur (D)
  2 hippogriffs (D)
  A shadow (D)
  A vampire mosquito (D)
  A porcupine (D)
  A water moccasin (D)
  An ice beast (D)
  An ogre (D)
  A big kobold (D)
  2 bullfrogs (D)
  A crimson imp (D)
  A quasit (D)
  A worker ant (D)
  A worm (D)
  A goblin (D)
  2 hobgoblins (D)
  2 jackals (D)
  A quokka zombie (D)
  A rat (D)
25 creatures vanquished.

Notes
Turn   | Place    | Note
-------+----------+-------------------------------------------
     0 | D        | Freyura the Troll Fighter began the quest for the Orb.
     0 | D        | Reached XP level 1. HP: 22/22 MP: 0/0
    12 | D        | Reached skill level 3 in Unarmed Combat
    14 | D        | Reached XP level 2. HP: 29/29 MP: 1/1
    32 | D        | Noticed a water moccasin
    32 | D        | Noticed a big kobold
    36 | D        | Killed a water moccasin
    36 | D        | Reached skill level 6 in Unarmed Combat
    36 | D        | Reached XP level 3. HP: 40/40 MP: 2/2
    36 | D        | Gained mutation: Your natural rate of healing is unusually
                  | fast. [Troll growth]
    36 | D        | Reached XP level 4. HP: 49/49 MP: 3/3
    40 | D        | Reached skill level 7 in Unarmed Combat
    40 | D        | Reached XP level 5. HP: 55/55 MP: 4/4
    44 | D        | Reached skill level 5 in Fighting
    44 | D        | Reached skill level 5 in Dodging
    44 | D        | Reached skill level 8 in Unarmed Combat
    52 | D        | Found a roughly hewn altar of Beogh.
    52 | D        | Found a snail-covered altar of Cheibriados.
    52 | D        | Found a shadowy altar of Dithmenos.
    52 | D        | Found a white marble altar of Elyvilon.
    52 | D        | Found a blossoming altar of Fedhas.
    52 | D        | Found an opulent altar of Gozag.
    53 | D        | Found a hazy altar of Hepliaklqana.
    54 | D        | Found a viscous altar of Jiyva.
    55 | D        | Found an ancient bone altar of Kikubaaqudgha.
    56 | D        | Found a corrupted altar of Lugonu.
    57 | D        | Found a burning altar of Makhleb.
    58 | D        | Found a sparkling altar of Nemelex Xobeh.
    59 | D        | Found an iron altar of Okawaru.
    60 | D        | Found a stormy altar of Qazlal.
    61 | D        | Found a sacrificial altar of Ru.
    62 | D        | Found a shimmering blue altar of Sif Muna.
    63 | D        | Found a bloodstained altar of Trog.
    70 | D        | Found a hide-covered altar of Uskayaw.
    71 | D        | Found a radiant altar of Vehumet.
    72 | D        | Found an ornate altar of the Wu Jian Council.
    73 | D        | Found a shimmering altar of Xom.
    74 | D        | Found a basalt altar of Yredelemnul.
    75 | D        | Found a glowing silver altar of Zin.
    76 | D        | Found a glowing golden altar of the Shining One.
    84 | D        | Became a worshipper of the Shining One
    94 | D        | Got the +2 scimitar "Ultimatum" {pain, Int+2 SInv}
   104 | D        | Noticed an ice beast
   104 | D        | Noticed a yaktaur
   104 | D        | Noticed a centaur warrior
   104 | D        | Reached * piety under the Shining One
   108 | D        | Killed an ice beast
   108 | D        | Reached skill level 9 in Unarmed Combat
   108 | D        | Reached XP level 6. HP: 55/67 MP: 5/5
   113 | D        | Killed a yaktaur
   113 | D        | Reached skill level 10 in Unarmed Combat
   113 | D        | Reached XP level 7. HP: 65/76 MP: 6/6
   117 | D        | Killed a centaur warrior
   117 | D        | Reached skill level 12 in Unarmed Combat
   117 | D        | Reached XP level 8. HP: 49/88 MP: 7/7
   119 | D        | Reached ** piety under the Shining One
   146 | D        | Noticed a hippogriff
   146 | D        | Noticed a gargoyle
   146 | D        | Reached *** piety under the Shining One
   150 | D        | Killed a hippogriff
   150 | D        | Reached skill level 13 in Unarmed Combat
   150 | D        | Reached skill level 1 in Invocations
   157 | D        | Killed a gargoyle
   158 | D        | Reached XP level 9. HP: 93/97 MP: 7/10
   269 | D        | Got the ring "Hoihiloerph" {MP+9 Dex+7}
   286 | D        | Reached **** piety under the Shining One
   286 | D        | Noticed a seven-headed hydra
   286 | D        | Noticed a cane toad
   288 | D        | Reached skill level 14 in Unarmed Combat
   298 | D        | Slain by a 12-headed hydra

Skill      XL: |  1  2  3  4  5  6  7  8  9 |
---------------+----------------------------+-----
Unarmed Combat | 3 6 7 9 10 12 13 14 | 14.3
Fighting       | 4 5 6 8 9 |  9.2
Dodging        | 4 5 6 8 9 |  9.2
Invocations    | 3 4 |  4.6
Shields        | |  2.0

Action                   |  1- 3 |  4- 6 |  7- 9 || total
-------------------------+-------+-------+-------++-------
Melee: Unarmed           |    12 |    16 |    32 ||    60
       Punch             |       |       |     3 ||     3
Evoke: Wand              |       |       |     2 ||     2
  Use: Potion            |     1 |     1 |       ||     2
  Eat: Chunk             |     5 |       |     3 ||     8
Armor: Skin              |     3 |     4 |     3 ||    10
Dodge: Dodged            |       |     7 |    30 ||    37
Block: Medium shield     |     3 |     1 |       ||     4
